 Dungeon Crawl Stone Soup version 0.24-a0-613-g1ff6aac (webtiles) character file.

Game seed: 1362500700803679381, levelgen mode: deterministic

111 pichaelthompson the Charmwright (level 4, -2/38 HPs)
             Began as a Gnoll Skald on Sept 10, 2019.
             Slain by Natasha (7 damage)
             ... on level 2 of the Dungeon.
             The game lasted 00:03:46 (1115 turns).

pichaelthompson the Charmwright (Gnoll Skald)       Turns: 1115, Time: 00:03:46

Health: -2/38      AC:  6    Str: 14    XL:     4   Next: 92%
Magic:  2/11       EV: 11    Int: 15    God:
Gold:   63         SH:  0    Dex: 15    Spells: 6/13 levels left

rFire    . . .     SeeInvis .   a - +0 spear
rCold    . . .     Gourm    .   (no shield)
rNeg     . . .     Faith    .   s - +0 scale mail
rPois    .         Spirit   .   (no helmet)
rElec    .         Reflect  .   (no cloak)
rCorr    .         Harm     .   (no gloves)
MR       .....                  (no boots)
Stlth    ..........             (no amulet)
HPRegen  0.12/turn              l - +1 ring of slaying
MPRegen  0.12/turn              (no ring)

@: very slightly contaminated, slowed, very slow
A: distributed training, fangs 1, strong nose
a: no special abilities


You were on level 2 of the Dungeon.
You were not hungry.

You visited 1 branch of the dungeon, and saw 2 of its levels.

You collected 63 gold pieces.

Inventory:

Hand Weapons
 a - a +0 spear (weapon)
 o - a +0 trident
Missiles
 j - 7 boomerangs (quivered)
Armour
 s - a +0 scale mail (worn)
Jewellery
 l - a +1 ring of slaying (left hand)
Scrolls
 c - a scroll of noise {unknown}
 e - 2 scrolls of identify {unknown}
 i - a scroll of fog {unknown}
 m - 2 scrolls of remove curse {unknown}
 p - a scroll of magic mapping {unknown}
 q - a scroll of enchant weapon {unknown}
 r - a scroll of teleportation {unknown}
Potions
 b - a potion of curing {unknown}
 g - a potion of mutation {unknown}
 h - a potion of heal wounds {unknown}
 k - a potion of might {unknown}
 n - a potion of invisibility {unknown}
Comestibles
 d - 2 rations
 f - a chunk of flesh


   Skills:
 + Level 4.7 Fighting
 + Level 1.2 Short Blades
 + Level 1.2 Long Blades
 + Level 1.2 Axes
 + Level 1.2 Maces & Flails
 + Level 4.7 Polearms
 + Level 1.2 Staves
 + Level 1.2 Slings
 + Level 1.2 Bows
 + Level 1.2 Crossbows
 + Level 1.2 Throwing
 + Level 2.8 Armour
 + Level 4.7 Dodging
 + Level 1.2 Stealth
 + Level 1.2 Shields
 + Level 1.2 Unarmed Combat
 + Level 5.1 Spellcasting
 + Level 1.0 Conjurations
 + Level 1.0 Hexes
 + Level 5.5 Charms
 + Level 1.0 Summonings
 + Level 1.0 Necromancy
 + Level 1.0 Translocations
 + Level 1.0 Transmutations
 + Level 1.0 Fire Magic
 + Level 1.0 Ice Magic
 + Level 1.0 Air Magic
 + Level 1.0 Earth Magic
 + Level 1.0 Poison Magic
 + Level 1.4 Invocations
 + Level 1.2 Evocations


You had 6 spell levels left.
You knew the following spells:

 Your Spells              Type           Power        Failure   Level  Hunger
a - Infusion              Chrm           ###.         7%          1    None
b - Spectral Weapon       Hex/Chrm       ##......     45%         3    ###....
c - Regeneration          Chrm/Necr      ##........   45%         3    ###....

Your spell library contained the following spells:

 Spells                   Type           Power        Failure   Level  Hunger
 Song of Slaying          Chrm           ###.....     11%         2    ##.....
 Shroud of Golubria       Chrm/Tloc      ##....       26%         2    ##.....


Dungeon Overview and Level Annotations

Branches:
Dungeon (2/15)

Altars:

Annotations:
D:2 Natasha


Innate Abilities, Weirdness & Mutations

Your experience applies equally to all skills.
You have very sharp teeth.
Your uncanny sense of smell can sniff out nearby items.


Message History

You feel yourself slow down.
You hit Natasha. You bite Natasha.
Natasha is almost dead.
Your skin stops crawling.
The white imp disappears in a puff of smoke!
Natasha stares at you and mumbles some strange words.
The magic dart hits you.
You closely miss Natasha.
Natasha is almost dead.
Natasha mumbles some strange words.
The crimson imp hits you.
* * * LOW HITPOINT WARNING * * *
Natasha casts a spell at you. The magic dart hits you.
* * * LOW HITPOINT WARNING * * *
You closely miss Natasha.
Natasha is almost dead.
The crimson imp disappears in a puff of smoke!
Natasha claws you!
You die...

######### #.......#
########.......#
##..............#
#.....#.5h@.....#
#######.....#)#ยง......#
............#.#########
######.5....h.#
#.......### #.#?....#
#.#.....# ..#)....#
..########


You could see Natasha and a white imp.

Vanquished Creatures
  Natasha (D:2)
  An adder (D:2)
  An ooze (D:2)
  2 worms (D:2)
  3 dart slugs
  A leopard gecko (D:1)
  3 orcs (D:2)
  10 goblins
  6 hobgoblins
  6 jackals (D:1)
  6 kobolds
  A quokka (D:2)
  7 bats
  A frilled lizard (D:2)
  6 rats
55 creatures vanquished.

Vanquished Creatures (others)
  A spectral weapon (D:2)
1 creature vanquished.

Grand Total: 56 creatures vanquished

Notes
Turn   | Place    | Note
-------+----------+-------------------------------------------
     0 | D:1      | pichaelthompson the Gnoll Skald began the quest for the
                  | Orb.
     0 | D:1      | Reached XP level 1. HP: 20/20 MP: 6/6
    33 | D:1      | Reached XP level 2. HP: 25/26 MP: 0/7
   231 | D:1      | Reached XP level 3. HP: 24/31 MP: 9/9
   240 | D:1      | Learned a level 3 spell: Spectral Weapon
   244 | D:1      | Learned a level 3 spell: Regeneration
   297 | D:1      | Reached skill level 5 in Spellcasting
   398 | D:1      | You fall into a shaft and drop 1 floor!
   416 | D:2      | Reached skill level 1 in Invocations
   455 | D:2      | Reached skill level 1 in Short Blades
   455 | D:2      | Reached skill level 1 in Long Blades
   455 | D:2      | Reached skill level 1 in Axes
   455 | D:2      | Reached skill level 1 in Maces & Flails
   455 | D:2      | Reached skill level 1 in Staves
   455 | D:2      | Reached skill level 1 in Slings
   455 | D:2      | Reached skill level 1 in Bows
   455 | D:2      | Reached skill level 1 in Crossbows
   455 | D:2      | Reached skill level 1 in Throwing
   455 | D:2      | Reached skill level 1 in Stealth
   455 | D:2      | Reached skill level 1 in Shields
   455 | D:2      | Reached skill level 1 in Unarmed Combat
   455 | D:2      | Reached skill level 1 in Evocations
   469 | D:2      | Noticed Natasha
   478 | D:2      | Killed Natasha
   478 | D:2      | Reached XP level 4. HP: 9/38 MP: 7/11
  1025 | D:2      | Reached skill level 1 in Conjurations
  1025 | D:2      | Reached skill level 1 in Hexes
  1025 | D:2      | Reached skill level 1 in Summonings
  1025 | D:2      | Reached skill level 1 in Necromancy
  1025 | D:2      | Reached skill level 1 in Translocations
  1025 | D:2      | Reached skill level 1 in Transmutations
  1025 | D:2      | Reached skill level 1 in Fire Magic
  1025 | D:2      | Reached skill level 1 in Ice Magic
  1025 | D:2      | Reached skill level 1 in Air Magic
  1025 | D:2      | Reached skill level 1 in Earth Magic
  1025 | D:2      | Reached skill level 1 in Poison Magic
  1076 | D:2      | Noticed Natasha
  1115 | D:2      | Slain by Natasha

Levels and vault maps discovered:
D:1:      dpeg_arrival_line_fractal, layout_basic
D:2:      wander_river, layout_rooms, first_ration, grunt_qazlal_clouds,
          uniq_natasha, uniq_terence

Skill      XL: |  1  2  3  4 |
---------------+-------------+-----
Spellcasting   | 5 |  5.1
Invocations    | 1 |  1.4
Short Blades   | 1 |  1.2
Long Blades    | 1 |  1.2
Axes           | 1 |  1.2
Maces & Flails | 1 |  1.2
Staves         | 1 |  1.2
Slings         | 1 |  1.2
Bows           | 1 |  1.2
Crossbows      | 1 |  1.2
Throwing       | 1 |  1.2
Stealth        | 1 |  1.2
Shields        | 1 |  1.2
Unarmed Combat | 1 |  1.2
Evocations     | 1 |  1.2
Conjurations   | 1 |  1.0
Hexes          | 1 |  1.0
Summonings     | 1 |  1.0
Necromancy     | 1 |  1.0
Translocations | 1 |  1.0
Transmutations | 1 |  1.0
Fire Magic     | 1 |  1.0
Ice Magic      | 1 |  1.0
Air Magic      | 1 |  1.0
Earth Magic    | 1 |  1.0
Poison Magic   | 1 |  1.0
Fighting       | |  4.7
Polearms       | |  4.7
Armour         | |  2.8
Dodging        | |  4.7
Charms         | |  5.5

Action                   |  1- 3 |  4- 6 || total
-------------------------+-------+-------++-------
Melee: Spear             |    90 |    61 ||   151
       Bite              |     3 |     7 ||    10
       Punch             |     1 |       ||     1
Throw: Boomerang         |     2 |       ||     2
 Cast: Infusion          |     3 |       ||     3
       Spectral Weapon   |     4 |     3 ||     7
       Regeneration      |       |     3 ||     3
 Stab: Sleeping          |       |     1 ||     1
  Eat: Chunk             |       |     2 ||     2
Armor: Leather armour    |    10 |     4 ||    14
       Scale mail        |       |    30 ||    30
Dodge: Dodged            |    42 |    65 ||   107

Table legend:
 A = Non-vault XP
 B = Vault XP
 C = Vault XP percentage of total XP
 D = Non-vault monster count
 E = Vault monster count
 F = Vault count percentage of total count
                 A         B        C        D         E       F
            +---------+---------+-------+---------+---------+-------
      Total |     126 |      33 |  20.8 |      54 |       1 |   1.8
            +---------+---------+-------+---------+---------+-------
        D:1 |      57 |       0 |   0.0 |      32 |       0 |   0.0
        D:2 |      69 |      33 |  32.4 |      22 |       1 |   4.3
            +---------+---------+-------+---------+---------+-------
